 Dungeon Crawl Stone Soup version 0.29-a0-271-gd4eb659eea (webtiles) character file.

Game seed: 16274411042021547010

7546 Morbidden the Grappler (level 10, -2/89 (92) HPs)
             Began as a Troll Necromancer on Mar 8, 2022.
             Was an Elder of Cheibriados.
             Slain by a seven-headed hydra (3 damage)
             ... on level 11 of the Dungeon.
             The game lasted 00:17:27 (9919 turns).

Morbidden the Grappler (Troll Necromancer)          Turns: 9919, Time: 00:17:28

HP:   -2/89 (92)    AC: 11    Str: 27    XL:     10   Next: 96%
MP:   14/17         EV: 11    Int: 28    God:    Cheibriados [****..]
Gold: 683           SH:  0    Dex: 19    Spells: 5/20 levels left

rFire   . . .      SeeInvis .     - Unarmed
rCold   . . .      Faith    .   (no shield)
rNeg    . . .      Spirit   .   u - +0 steam dragon scales
rPois   .          Reflect  .   (helmet restricted)
rElec   .          Harm     .   (no cloak)
rCorr   .          Rampage  .   (gloves unavailable)
Will    .....                   (boots unavailable)
Stlth   ++........              (no amulet)
HPRegen 1.04/turn               a - +4 ring of protection
MPRegen 0.15/turn               (no ring)

@: lightly drained, very slow
A: large, unfitting armour, claws 3, regeneration 1, shaggy fur 1, tough skin 1,
horns 2, clever 2
a: Renounce Religion, Bend Time, Temporal Distortion, Slouch


You were on level 11 of the Dungeon.
You worshipped Cheibriados.
Cheibriados was greatly pleased with you.
You visited 2 branches of the dungeon, and saw 12 of its levels.

You collected 683 gold pieces.

Inventory:

Hand Weapons
 t - a +2 long sword of flaming
Missiles
 h - 2 throwing nets
 n - 15 poisoned darts (quivered)
 r - 7 boomerangs
Armour
 l - a scarf of invisibility
 u - +0 steam dragon scales (worn)
Jewellery
 a - a +4 ring of protection (left claw)
Wands
 e - a wand of mindburst (19)
 f - a wand of acid (4)
 q - a wand of paralysis (2)
Scrolls
 c - 9 scrolls of identify
 d - 2 scrolls of amnesia
 g - 2 scrolls of teleportation
 i - 4 scrolls of immolation {unknown}
 j - 3 scrolls of enchant weapon
 p - a scroll of vulnerability {unknown}
 v - a scroll of enchant armour {unknown}
 x - a scroll of summoning {unknown}
 y - a scroll of fog {unknown}
Potions
 b - a potion of magic
 k - 3 potions of flight
 m - 2 potions of curing
 s - a potion of attraction {unknown}
 w - a potion of might


   Skills:
 * Level 3.8 Fighting
 + Level 0.3 Throwing
 + Level 3.4 Dodging
 + Level 1.7 Stealth
 * Level 8.5 Unarmed Combat
 * Level 5.5 Spellcasting
 + Level 6.0 Necromancy
 * Level 2.4 Transmutations
 * Level 2.2 Air Magic
 * Level 2.3 Poison Magic
 * Level 4.0 Invocations


You had 5 spell levels left.
You knew the following spells:

 Your Spells              Type           Power      Damage    Failure   Level
a - Pain                  Necr           100%       1d9       1%          1
b - Vampiric Draining     Necr           41%        2d8       1%          3
c - Storm Form            Tmut/Air       10%        N/A       100%        7
z - Olgreb's Toxic Radia  Pois           20%        N/A       24%         4

Your spell library contained the following spells:

 Spells                   Type           Power      Damage    Failure   Level
 Animate Skeleton         Necr           82%        N/A       1%          1
 Corpse Rot               Necr/Air       62%        N/A       1%          2
 Sting                    Tmut/Pois      84%        1d7       2%          1
 Poisonous Vapours        Pois/Air       40%        N/A       3%          2
 Animate Dead             Necr           20%        N/A       5%          4
 Magic Dart               Conj           28%        1d4       6%          1
 Slow                     Hex            28%        N/A       6%          1
 Passwall                 Tmut/Erth      11%        N/A       6%          2
 Swiftness                Air            20%        N/A       8%          3
 Call Imp                 Summ           7%         N/A       10%         2
 Ensorcelled Hibernation  Hex/Ice        14%        N/A       10%         2
 Ignite Poison            Fire/Tmut/Pois 16%        N/A       10%         3
 Mephitic Cloud           Conj/Pois/Air  16%        N/A       11%         3
 Agony                    Necr           41%        N/A       14%         5
 Call Canine Familiar     Summ           7%         N/A       19%         3
 Confusing Touch          Hex            7%         N/A       19%         3
 Conjure Flame            Conj/Fire      7%         6-21      19%         3
 Portal Projectile        Hex/Tloc       14%        N/A       19%         3
 Summon Lightning Spire   Summ/Air       14%        N/A       36%         4
 Leda's Liquefaction      Hex/Erth       3%         N/A       54%         4
 Sticky Flame             Conj/Fire      7%         2d3       54%         4
 Maxwell's Capacitive Co  Air            10%        ∞         100%        8


Dungeon Overview and Level Annotations

Branches:
Dungeon (11/15)            Temple (1/1) D:5            Lair (0/6) D:8
    Orc: D:9-12

Altars:
Ashenzari
Cheibriados
Dithmenos
Elyvilon
Fedhas
Gozag
Hepliaklqana
Kikubaaqudgha
Makhleb
Nemelex Xobeh
Okawaru
Qazlal
Ru
Sif Muna
Trog
Uskayaw
Vehumet
Wu Jian
Xom
Yredelemnul
Zin
The Shining One

Shops:
D:6 *(


Innate Abilities, Weirdness & Mutations

You are too large for most types of armour.
You have claws for hands.
Your natural rate of healing is unusually fast.
You are covered in fur. (AC +1)
You have tough skin. (AC +1)
You have a pair of horns on your head.
Your mind is very acute. (Int +4)


Message History

* * * LOW HITPOINT WARNING * * *
The seven-headed hydra bites you!
* * * LOW HITPOINT WARNING * * *
The seven-headed hydra bites you but does no damage.
Unknown command.
Unknown command.
You feel much better.
The seven-headed hydra bites you but does no damage. x2
The seven-headed hydra bites you!
* * * LOW HITPOINT WARNING * * *
The seven-headed hydra bites you!
* * * LOW HITPOINT WARNING * * *
The seven-headed hydra bites you but does no damage. x2
The seven-headed hydra closely misses you.
Unknown command.
Unknown command.
Unknown command.
You feel much better. The seven-headed hydra bites you. x2
* * * LOW HITPOINT WARNING * * *
The seven-headed hydra bites you!
* * * LOW HITPOINT WARNING * * *
The seven-headed hydra barely misses you. x2
The seven-headed hydra bites you!
* * * LOW HITPOINT WARNING * * *
The seven-headed hydra completely misses you.
Unknown command.
Unknown command.
Unknown command.
Unknown command.
The flow of time bends around you.
Cheibriados rebukes the seven-headed hydra.
The seven-headed hydra seems to slow down.
The seven-headed hydra bites you.
* * * LOW HITPOINT WARNING * * *
The seven-headed hydra bites you.
* * * LOW HITPOINT WARNING * * *
The seven-headed hydra misses you.
The seven-headed hydra barely misses you.
The seven-headed hydra bites you.
You die...

!...........#
...........#
..........#
.........#
........#
###..D..#
####...#####
#......D...#
#.......@..#
#.......<..+
#......<...#
#..........#
#..........#
#..........#
+.....>....#
#..........#
#####+######


You could see a seven-headed hydra (slow).

Vanquished Creatures
  A two-headed ogre (D:9)
  Pikel (D:8)
  Maggie (D:7)
  An unseen horror (D:9)
  A komodo dragon (D:8)
  A troll (D:9)
  Grinder (D:4)
  A hornet (D:9)
  4 slime creatures (D:10)
  2 wyverns
  2 steam dragons
  An ice beast (D:5)
  3 orc warriors
  2 sky beasts (D:6)
  2 ogres
  6 centaurs
  A kobold brigand (D:9)
  Blork the orc (D:4)
  4 bullfrogs
  2 scorpions
  14 wights
  3 howler monkeys
  2 electric eels (D:7)
  3 jellies
  8 orc priests
  3 hounds
  2 gnoll shamans
  9 orc wizards
  19 gnolls
  10 adders
  4 river rats (D:6)
  A shadow imp (D:6)
  A white imp (D:6)
  2 ufetubi
  2 worms
  5 dart slugs
  38 orcs
  3 endoplasms
  2 giant cockroaches
  8 hobgoblins
  4 jackals
  4 quokkas
  6 ball pythons
  4 bats
  2 frilled lizards
  9 goblins
  9 kobolds
  7 rats
222 creatures vanquished.

Vanquished Creatures (others)
  An orc wizard (D:8)
  6 fungi (D:7)
  57 plants
64 creatures vanquished.

Grand Total: 286 creatures vanquished

Notes
Turn   | Place    | Note
-------+----------+-------------------------------------------
     0 | D:1      | Morbidden the Troll Necromancer began the quest for the
                  | Orb.
     0 | D:1      | Reached XP level 1. HP: 16/16 MP: 1/1
   186 | D:1      | Reached XP level 2. HP: 24/24 MP: 2/2
   329 | D:1      | Reached skill level 1 in Unarmed Combat
   409 | D:1      | Reached XP level 3. HP: 29/32 MP: 2/4
   607 | D:2      | Found a faded altar of an unknown god.
   912 | D:2      | Found a shimmering blue altar of Sif Muna.
  1052 | D:2      | Learned a level 3 spell: Vampiric Draining
  1254 | D:3      | Reached skill level 2 in Unarmed Combat
  1254 | D:3      | Reached XP level 4. HP: 40/40 MP: 5/5
  1435 | D:3      | Reached skill level 1 in Fighting
  1589 | D:3      | Noticed a bullfrog
  1599 | D:3      | Killed a bullfrog
  1600 | D:3      | Reached skill level 3 in Unarmed Combat
  1600 | D:3      | Reached XP level 5. HP: 25/48 MP: 6/6
  2385 | D:4      | Reached XP level 6. HP: 55/55 MP: 0/7
  2494 | D:4      | Noticed Grinder
  2498 | D:4      | Paralysed by Grinder for 3 turns
  2532 | D:4      | Killed Grinder
  3009 | D:4      | Reached XP level 7. HP: 52/63 MP: 9/9
  3316 | D:4      | Noticed Blork the orc
  3329 | D:4      | Killed Blork the orc
  3330 | D:4      | Reached skill level 4 in Unarmed Combat
  3492 | D:5      | Entered Level 5 of the Dungeon
  3732 | D:5      | Found a staircase to the Ecumenical Temple.
  3800 | Temple   | Entered the Ecumenical Temple
  4062 | Temple   | Became a worshipper of Cheibriados the Contemplative
  4528 | D:6      | Reached skill level 5 in Necromancy
  4528 | D:6      | Reached XP level 8. HP: 64/72 MP: 9/11
  4674 | D:6      | Reached skill level 1 in Invocations
  4748 | D:6      | Reached * piety under Cheibriados
  4749 | D:6      | Reached skill level 5 in Unarmed Combat
  4755 | D:6      | Found a hazy altar of Hepliaklqana.
  4760 | D:6      | Gained mutation: You have hidden genetic potential. [potion
                  | of mutation]
  4760 | D:6      | Gained mutation: You have a pair of small horns on your
                  | head. [potion of mutation]
  4760 | D:6      | Gained mutation: Your mind is acute. (Int +2) [potion of
                  | mutation]
  5119 | D:6      | Found Jotz's Weapon Shoppe.
  5265 | D:6      | Found Zin's Purification Station.
  5270 | D:6      | Found a glowing silver altar of Zin.
  5584 | D:7      | Noticed Pikel
  5585 | D:7      | Noticed Maggie
  5598 | D:7      | Killed Maggie
  5599 | D:7      | Reached skill level 6 in Unarmed Combat
  5599 | D:7      | Reached XP level 9. HP: 30/80 MP: 11/13
  6074 | D:8      | Learned a level 7 spell: Storm Form
  6114 | D:8      | Gained mutation: You have a pair of horns on your head.
                  | [hidden potential]
  6126 | D:8      | Reached ** piety under Cheibriados
  6455 | D:8      | Learned a level 4 spell: Olgreb's Toxic Radiance
  6676 | D:8      | Found a staircase to the Lair.
  6677 | D:8      | Noticed a komodo dragon
  6700 | D:8      | Killed a komodo dragon
  6701 | D:8      | Reached skill level 1 in Air Magic
  7042 | D:8      | Killed Pikel
  7043 | D:8      | Reached skill level 1 in Transmutations
  7043 | D:8      | Reached skill level 1 in Poison Magic
  7219 | D:7      | Reached skill level 7 in Unarmed Combat
  7497 | D:7      | Reached *** piety under Cheibriados
  7742 | D:7      | Reached XP level 10. HP: 87/91 MP: 16/16
  7964 | D:9      | Gained mutation: Your mind is very acute. (Int +4) [hidden
                  | potential]
  7964 | D:9      | Lost mutation: You have hidden genetic potential. [hidden
                  | potential expressed]
  8041 | D:9      | Reached skill level 5 in Spellcasting
  8187 | D:9      | Noticed a two-headed ogre
  8322 | D:9      | Killed a two-headed ogre
  8322 | D:9      | Reached **** piety under Cheibriados
  8857 | D:10     | Entered Level 10 of the Dungeon
  8866 | D:9      | Paralysed by a hornet for 3 turns
  8966 | D:9      | Reached skill level 8 in Unarmed Combat
  9909 | D:11     | Noticed a seven-headed hydra
  9919 | D:11     | HP: 1/89 [seven-headed hydra (4)]
  9919 | D:11     | Slain by a seven-headed hydra

Illustrated notes

Levels and vault maps discovered:
D:1:      heliophobic_arrival_henge, layout_rooms
D:2:      layout_basic, basic_altar, shapermc_ecumenical_altar_mp_urbaneastern,
          dk_noncrumbling_3
D:3:      layout_basic
D:4:      layout_basic, grunt_ministairs_1, palyth_stone_intersect,
          uniq_grinder, uniq_blork_the_orc
D:5:      layout_rooms, minmay_temple_entry_wispy, kennysheep_cluttered_room
D:6:      wad_woods_stonehenge, layout_basic, zin_purify, serial_shops,
          nicolae_shop_bloodbath_and_beyond
D:7:      layout_cave_pools, serial_park, serial_park_fountain,
          serial_park_gazebo [serial_park_minivault_5x5_6], serial_park_tiny_1,
          grunt_decor_junction, nicolae_water_bricks, uniq_crazy_yiuf_cottage,
          uniq_maggie, uniq_pikel
D:8:      layout_loops_ring, david_lair_shrubbed, lightli_orcish_oven
D:9:      layout_loops_ring, evilmike_butchery
D:10:     layout_cave_pools
D:11:     layout_roguey
Temple:   mainiacjoe_temple_archimedes_tessellation

Skill      XL: |  1  2  3  4  5  6  7  8  9 10 |
---------------+-------------------------------+-----
Unarmed Combat | 1 2 3 4 6 7 8 |  8.5
Fighting       | 1 2 3 |  3.8
Necromancy     | 4 5 6 |  6.0
Dodging        | 2 3 |  3.4
Spellcasting   | 2 3 4 5 |  5.5
Invocations    | 2 3 4 |  4.0
Air Magic      | 1 2 |  2.2
Transmutations | 1 2 |  2.4
Poison Magic   | 1 2 |  2.3
Throwing       | |  0.3
Stealth        | |  1.7

Action                   |  1- 3 |  4- 6 |  7- 9 | 10-12 || total
-------------------------+-------+-------+-------+-------++-------
Melee: Unarmed           |   109 |   105 |   285 |   104 ||   603
       Punch             |     1 |     3 |    12 |     5 ||    21
       Headbutt          |       |       |    34 |    23 ||    57
Throw: Dart              |       |       |     6 |     4 ||    10
 Cast: Pain              |    12 |    32 |     8 |     1 ||    53
       Vampiric Draining |       |     5 |    49 |     9 ||    63
Invok: Bend Time         |       |       |     1 |     1 ||     2
Evoke: Wand              |       |       |     3 |     4 ||     7
  Use: Potion            |       |       |    10 |     3 ||    13
       Scroll            |       |       |     5 |     1 ||     6
 Stab: Sleeping          |     1 |     3 |       |     2 ||     6
Armor: Robe              |    31 |    41 |   132 |       ||   204
       Steam dragon scal |       |       |       |    61 ||    61
Dodge: Dodged            |    55 |    69 |   173 |    76 ||   373

Table legend: (Time is in decaauts)
 A = Elapsed time spent in this place.
 B = Non-inter-level travel time spent in this place.
 C = Inter-level travel time spent in this place.
 D = Time resting spent in this place.
 E = Time spent auto-exploring this place.
 F = Levels seen in this place.
 G = Mean time per level.
                   A        B        C        D        E       F      G
               +--------+--------+--------+--------+--------+-----+--------+
         Total |  11401 |  10901 |    500 |   1583 |   7225 |  12 |  950.1 |
       Dungeon |  11123 |  10699 |    424 |   1583 |   7043 |  11 | 1011.2 |
        Temple |    277 |    201 |     76 |      0 |    182 |   1 |  277.0 |
               +--------+--------+--------+--------+--------+-----+--------+

Top non-repeatable levels by time:
     D:8: 2055 daAuts
     D:9: 1530 daAuts
     D:4: 1329 daAuts
     D:6: 1281 daAuts
    D:10: 1165 daAuts
     D:3: 954 daAuts
     D:5: 787 daAuts
     D:7: 755 daAuts
     D:2: 694 daAuts
     D:1: 552 daAuts
  Temple: 277 daAuts
    D:11: 18 daAuts
